Cogmind - Beta 11.1 @@@ ROGUE MODE // 2022.05.13 @ 17:19:58 Player: ILikeVoltron Result: Destroyed by as-12291 with Assembled Heavy Rifle Performance ------------- Evolutions (0) 0 Regions Visited (2) 400 Robots Destroyed (28) 140 Value Destroyed (381) 381 Prototype IDs (0) 0 Alien Tech Used (0) 0 Bonus (0) 0 TOTAL SCORE: 921 Bonus ------- None Cogmind --------- Core Integrity 0/250 Matter 290/300 Energy 51/125 System Corruption 3% Temperature Cool (0) Movement Hovering (66) Location -10/Mines Parts ------- > --- POWER (1) -------- Light Ion Engine > --- PROPULSION (2) --- Hover Unit Combat Airjet > --- UTILITY (2) ------ Medium Storage Unit Weight Redist. System > --- WEAPON (2) ------- Light Assault Rifle > --- INVENTORY (10) --- Light Ion Engine Hover Unit Hover Unit Hover Unit Large Storage Unit Large Matter Pod (150) Signal Interpreter Improved Light Armor Plating Tractor Beam Grenade Launcher Peak State ------------ > --- POWER ------------ Light Ion Engine > --- PROPULSION ------- Hover Unit Combat Airjet > --- UTILITY ---------- Medium Storage Unit Weight Redist. System > --- WEAPON ----------- Beam Rifle Mining Laser > --- INVENTORY -------- Light Ion Engine Hover Unit Hover Unit Hover Unit Large Storage Unit Large Matter Pod Signal Interpreter Improved Light Armor Plating Tractor Beam Grenade Launcher [Rating: 14] Favorites ----------- Power Ion Engine Engine Ion Engine Propulsion Hover Unit Leg Aluminum Leg Hover Unit Hover Unit Flight Unit Flight Unit Utility Medium Storage Unit Device Weight Redist. System Storage Medium Storage Unit Weapon Beam Rifle Energy Gun Beam Rifle Ballistic Gun Assault Rifle Launcher Rocket Launcher Special Weapon Mining Laser Build | -11 -10 -10 ------- Run | Scr Mat Min Slots Evolved . | . . . Power . | . . . Propulsion . | . . . Utility . | . . . Weapon . | . . . Parts Attached 25 | 1 17 7 Power 4 | . 2 2 Engine 4 | . 2 2 Core . | . . . Reactor . | . . . Propulsion 10 | . 8 2 Treads . | . . . Leg . | . . . Wheel . | . . . Hover 6 | . 4 2 Flight 4 | . 4 . Utility 3 | 1 2 . Device 2 | 1 1 . Storage 1 | . 1 . Processor . | . . . Hackware . | . . . Protection . | . . . Artifact . | . . . Weapon 8 | . 5 3 Energy Gun 3 | . 3 . Energy Cannon . | . . . Ballistic Gun 2 | . 1 1 Ballistic Cannon . | . . . Launcher 1 | . . 1 Special Weapon 2 | . 1 1 Impact Weapon . | . . . Slashing Weapon . | . . . Piercing Weapon . | . . . Special Melee Weapon . | . . . Unidentified Prototypes . | . . . Parts Lost 10 | . 5 5 Power 3 | . 2 1 Propulsion 2 | . 1 1 Utility . | . . . Weapon 5 | . 2 3 Highest Loss Streak 3 | . 3 3 To Critical Strikes . | . . . Average Slot Usage (%) 92 | . 90 97 Engine 11 | . 10 13 Leg 4 | . 6 . Hover 13 | . 8 27 Flight 6 | . 9 . Device 14 | . 14 14 Storage 14 | . 14 14 Energy Gun 19 | . 22 13 Ballistic Gun 2 | . 3 . Launcher 1 | . . 4 Special Weapon 3 | . 1 8 Naked Turns . | . . . Heaviest Build 22 | 15 22 20 Greatest Support 24 | 20 20 24 Greatest Overweight (x) 5 | . 5 1 Average Overweight (x) . | . . . Largest Inventory Capacity 10 | 8 10 10 Average Capacity 9 | 8 9 10 Most Carried 10 | 6 10 10 Average Carried 9 | 6 9 9 Final Capacity 10 | 8 10 10 Final Carried 10 | 6 9 10 Class Distribution -------------------- 100% | Mutant Dominant Class ---------------- Mutant | -10/Materials Mutant | -10/Mines Resources | -11 -10 -10 ----------- Run | Scr Mat Min Matter Collected 617 | 213 152 252 Remotely 60 | 13 47 . Salvage Created 810 | 78 581 151 Parts 57 | 5 35 17 Haulers Intercepted . | . . . Recyclers Shooed . | . . . Parts Field Recycled . | . . . Retrieved Matter . | . . . Parts Self-Destructed . | . . . Prevented . | . . . Kills | -11 -10 -10 ------- Run | Scr Mat Min Combat Hostiles Destroyed 23 | . 9 14 Melee 1 | . . 1 Guns 16 | . 8 8 AOE 5 | . . 5 Classes Destroyed 7 | 1 5 1 Builder 1 | . 1 . Tunneler 1 | . 1 . Recycler 4 | 1 3 . Watcher 1 | . 1 . Swarmer 17 | . 5 12 Grunt 4 | . 4 . Assembled 2 | . . 2 Best Kill Streak 6 | 1 3 6 Combat Bots Only 6 | . 3 6 Max Kills in Single Turn 3 | 1 1 3 Gunslinging . | . . . Exploded 3 | . . 3 Melee 1 | . . 1 Uniques/NPCs Destroyed . | . . . Combat | -11 -10 -10 -------- Run | Scr Mat Min Damage Taken 1183 | . 557 626 Core 260 | . 91 169 Absorbed by Shields . | . . . Core Remaining (%) 100 | 100 . . Volleys Fired 85 | 1 50 34 Largest 2 | 2 2 2 Hottest 156 | 60 112 156 Shots Fired 128 | 2 89 37 Gun 121 | 2 87 32 Cannon . | . . . Launcher 2 | . . 2 Special 5 | . 2 3 Kinetic 10 | 1 9 . Thermal 106 | . 71 35 Explosive 2 | . . 2 Electromagnetic 10 | 1 9 . Robot Hit Streak 13 | 1 13 6 Robot Miss Streak 4 | 1 4 3 Penetration Max . | . . . Secondary Targets 1 | . 1 . Max Gunslinging Chain 1 | . 1 . Shots Hit Robots 68 | 1 53 14 Core Hits 39 | 1 18 20 Critical Kills . | . . . Critical Parts Destroyed . | . . . Critical Strikes 3 | . 2 1 Burn 3 | . 2 1 Melee Attacks . | . . . Impact . | . . . Slashing . | . . . Piercing . | . . . Sneak Attacks . | . . . Combat Hostiles . | . . . Follow-up Attacks . | . . . Damage Inflicted 1187 | 15 689 483 Guns 905 | 15 689 201 Cannons . | . . . Explosions 275 | . . 275 Melee . | . . . Ramming 7 | . . 7 Kinetic 80 | . 80 . Thermal 771 | . 570 201 Explosive 275 | . . 275 Electromagnetic 54 | 15 39 . Impact . | . . . Slashing . | . . . Piercing . | . . . Highest Corruption 3 | . . 3 Average Corruption 3 | . . 3 Corruption Purged . | . . . Corruption Blocked . | . . . Overload Shots . | . . . Overflow Damage . | . . . Projectiles . | . . . Explosions . | . . . Melee . | . . . Knockbacks . | . . . Impact . | . . . Kinetic . | . . . Secondary . | . . . Self-Inflicted Damage 3 | . . 3 Shots . | . . . Rammed 1 | . . 1 Targets Rammed 1 | . . 1 Kicked . | . . . Crushed . | . . . Highest Temperature 297 | . 297 168 Average Temperature 97 | . 111 73 Received Heat Transfer 211 | . 171 40 Effects 1 | . 1 . Energy Bleed 1 | . 1 . Siege Activations . | . . . Robots Corrupted . | . . . Combat Hostiles . | . . . Parts Fried . | . . . Impact Corruptions . | . . . Robots Melted 1 | . 1 . Combat Hostiles 1 | . 1 . Parts Melted 8 | . 6 2 Heat Transferred 2183 | . 1591 592 Parts Sabotaged . | . . . Parts Stolen . | . . . Parts Stripped . | . . . Power Chain Reactions . | . . . Missiles Intercepted . | . . . Alert | -11 -10 -10 ------- Run | Scr Mat Min Peak Influence 367 | 5 159 367 Initial 5 | . 3 5 Average 110 | 5 59 243 Maximum Alert Level 1 | . . 1 Low Security (%) 82 | 100 100 36 Level 1 17 | . . 63 Level 2 . | . . . Level 3 . | . . . Level 4 . | . . . Level 5 . | . . . High Security . | . . . Max Security . | . . . Squads Dispatched 1 | . 1 . Investigation . | . . . Extermination . | . . . Reinforcement 1 | . 1 . Assault . | . . . Garrison . | . . . Intercept . | . . . Searches Triggered . | . . . Construction Impeded . | . . . Haulers Reinforced . | . . . Active Scanning Responses . | . . . Cargo Convoy Interrupts . | . . . Stealth | -11 -10 -10 --------- Run | Scr Mat Min Distress Signals . | . . . Communications Jammed . | . . . Distress Signals . | . . . Times Spotted 41 | . 18 23 Peak Tracking Total 9 | . 3 9 Tactical Retreats 3 | . 2 1 Traps | -11 -10 -10 ------- Run | Scr Mat Min Traps Triggered 1 | . 1 . Indirectly . | . . . Trap Hack Attempts . | . . . Triggered . | . . . Disarmed . | . . . Reprogrammed . | . . . Reused . | . . . Traps Extracted . | . . . Installed . | . . . Triggered . | . . . Machines | -11 -10 -10 ---------- Run | Scr Mat Min Machines Disabled 2 | . 1 1 Max in Single Turn 1 | . 1 1 Machines Sabotaged . | . . . Garrisons Compromised . | . . . Overloaded Fab Kills . | . . . Hacking | -11 -10 -10 --------- Run | Scr Mat Min Machines Accessed 3 | . 3 . Terminals 2 | . 2 . Fabricators . | . . . Repair Stations . | . . . Recycling Units 1 | . 1 . Scanalyzers . | . . . Garrison Access . | . . . Total Hacks 6 | . 6 . Successful 5 | . 5 . Failed 1 | . 1 . Catastrophic . | . . . Database Lockouts . | . . . Manual 1 | . 1 . Terminals 5 | . 5 . Fabricators . | . . . Repair Stations . | . . . Recycling Units 1 | . 1 . Scanalyzers . | . . . Garrison Access . | . . . Terminal Hacks 3 | . 3 . Locate Traps 2 | . 2 . Zone Layout 1 | . 1 . Fabricator Hacks . | . . . Repair Station Hacks . | . . . Recycling Unit Hacks 1 | . 1 . Report Inventory 1 | . 1 . Scanalyzer . | . . . Garrison Access Hacks . | . . . Unauthorized Hacks 1 | . 1 . Terminals 1 | . 1 . Track 1 | . 1 . Fabricators . | . . . Repair Stations . | . . . Recycling Units . | . . . Scanalyzers . | . . . Garrison Access . | . . . Data Cores Recovered . | . . . Used . | . . . Hacking Detections 1 | . 1 . Full Trace Events . | . . . Feedback Events . | . . . Feedback Blocked . | . . . Robot Schematics Acquired . | . . . Robots Built . | . . . Authchips . | . . . Time . | . . . Total Robot Build Rating . | . . . Part Schematics Acquired . | . . . Parts Built . | . . . Authchips . | . . . Time . | . . . Total Part Build Rating . | . . . Parts Repaired . | . . . Time . | . . . Parts Recycled . | . . . Recycled Matter . | . . . Retrieved Matter . | . . . Retrieved Components . | . . . Parts Scanalyzed . | . . . Part Schematics Acquired . | . . . Parts Damaged . | . . . Bothacking | -11 -10 -10 ------------ Run | Scr Mat Min Used RIF Installer . | . . . Robots Hacked . | . . . Non-combat . | . . . Combat . | . . . Robot Hacks Applied . | . . . Relay Couplers Released . | . . . Fabnet Peak Effective % . | . . . Robots Rewired . | . . . Allies Hacked . | . . . Hacks Repelled . | . . . Allies | -11 -10 -10 -------- Run | Scr Mat Min Total Allies . | . . . Largest Group . | . . . Highest-Rated Group . | . . . Highest-Rated Ally . | . . . Total Orders . | . . . Ally Attacks . | . . . Total Damage . | . . . Kills . | . . . Allies Corrupted . | . . . Allies Melted . | . . . Intel | -11 -10 -10 ------- Run | Scr Mat Min Robot Analysis Total . | . . . Derelict Logs Recovered 2 | . . 2 Drone Launches . | . . . Drone Recoveries . | . . . Exploration | -11 -10 -10 ------------- Run | Scr Mat Min Turns Passed 1245 | 21 871 353 Spaces Moved 829 | 14 523 292 Core 4 | . 4 . Treads . | . . . Legs 102 | 14 88 . Wheels . | . . . Hover 474 | . 182 292 Flight 249 | . 249 . Fastest Speed 56 | 120 56 56 Average Speed 102 | 120 114 78 Slowest Speed 300 | 120 300 120 Overloaded Moves . | . . . Propulsion Burnouts . | . . . Robots Hopped . | . . . Cave-ins Triggered . | . . . Exploration Rate (%) 40 | 3 75 43 Regions Visited 2 Branch Regions 1 Pre-discovered Areas 1 | . . 1 Known Exits Taken . | . . . Unknown Exits Taken 2 | 1 1 . Scrap Searched 1 | . . 1 Spaces Dug 1 | . 1 . Terrain Destroyed 30 | . 2 28 Melee . | . . . Projectile 4 | . 2 2 AOE 26 | . . 26 Terrain Rammed . | . . . Walls Destroyed . | . . . Machines Disabled . | . . . Actions | -11 -10 -10 --------- Run | Scr Mat Min Total 1089 | 15 704 370 Wait 115 | . 84 31 Move 827 | 13 522 292 Hop . | . . . Pick Up 15 | . 12 3 Fast Attach 14 | 1 11 2 Attach 4 | . 2 2 Detach 1 | . 1 . Swap 7 | . 4 3 Drop 20 | . 18 2 Fire 85 | 1 50 34 Melee . | . . . Ram 1 | . . 1 Kick . | . . . Crush . | . . . Escape Stasis . | . . . Rewire . | . . . Trap . | . . . Miscellaneous . | . . . Route ------- -11/Scrapyard -10/Materials (discovered 4 exits: [*Mat x2] / [*Min x2]) -10/Mines History --------- Turn | Location | Event 4 | -11/Scrapyard | Discovered new exit (range 3) 22 | -11/Scrapyard | Entered Materials 241 | -10/Materials | Discovered new exit (range 10) 318 | -10/Materials | Build established: Mutant 374 | -10/Materials | Discovered new exit (range 10) 391 | -10/Materials | Discovered new exit (range 9) 408 | -10/Materials | Discovered new exit (range 8) 783 | -10/Materials | Lost 3 parts (1p2w) 893 | -10/Materials | Entered Mines 900 | -10/Mines | Received a Rocket Launcher from a helpful Derelict 954 | -10/Mines | Learned location of 1 exit from Materials 1014 | -10/Mines | Core integrity fell below 50% 1079 | -10/Mines | Learned location of Mines (-9) 1151 | -10/Mines | Assembled infested the area 1156 | -10/Mines | Assisted by a Guerilla fighting off Assembled 1238 | -10/Mines | Core integrity fell below 20% 1245 | -10/Mines | Found a hidden stash of uninstalled traps 1246 | -10/Mines | Destroyed by as-12291 with Assembled Heavy Rifle Last Messages --------------- 01206_ The unstable cave ceiling collapses. 01206_ Acquired 6 matter. 01207_ Acquired 40 matter. 01212_ as-84349 sneak attacks. 01212_ R-06 Scavenger destroyed. 01213_ HV Slug penetrates Wall. 01215_ EP-N89(h) shuts down. 01216_ as-89727 destroyed. 01221_ Mining Laser destroyed. 01221_ System corrupted by crushing effect (+3). 01221_ Knocked back. 01224_ EP-N89(h) destroyed. 01232_ Beam Rifle destroyed. 01233_ Slammed into as-84349. 01233_ as-84349 destroyed. 01237_ Acquired Lgt. Assault Rifle. 01239_ Acquired 10 matter. 01239_ Lgt. Ion Engine destroyed. 01241_ Acquired Lgt. Ion Engine. 01245_ A stash of uninstalled traps is collected here! Map ----- +----------------------------------------------------+ | ?????????????????????????????????????????????????? | | ?????????????????????????????????????????????????? | | ?????????????????????????????????????????????????? | | ?????????????????????????????????????????????????? | | ??????????####???????????????????????????????????? | | ?????????## ###?????????????????????????????????? | | ????????## ##????????????????????????????????? | | ???????## """ #????????????????????????????????? | | ???##### """ #????????????????????????????????? | | ??## """ #?????????????????????????????????? | | ?## #?????????????????????????????????? | | ## ##### #?????????????????????????????????? | | ##???## ##????????????????????????????????? | | ##????## ##???????????????????????????????? | | ### ##????# ##??????????????????????????????? | | ??### ##???# #??????????????????????????????? | | ????## ##??# ##?????????????????????????????? | | ?????# ##### ##????????????????????????????? | | ?????# ! ! ### #??####??????????????????????? | | ????# ### #?## #?## ##?????????????????????? | | ????# #?# #??#####?# ??????????????????????? | | ????# ### ######???# ??????????????????????? | | ????# ##### #??????????????????????? | | ????## ######### #??????????????????????? | | ????#####???????# ##### & #??????????????????????? | | ????# ###########%#???#& @#??????????????????????? | | ?????# # #### ##??# &&###### #???????????????? | | ?????# % #### =!!%*| #???????????????? | | ?????# #" %% !!a =#####?????????????????? | | ????###"%##### !=aa a ##????????????????????? | | ##### ###?## ##;;;= #????????????????????? | | # ###?####### == #???????????????? | | ##??????# =%* #???????????????? | | # ] ! #??????## = #???????????????? | | ## # #???????### ?????????????? | | # ##????????## ?????????????? | | # #??????????# ?????????????? | | # #######?????? ?????????????? | | #??????# ??????????????? | | ##### ##### #???????# ## ??????????????? | | ##???## #???# #????????####?????????????????? | | ??????###### #???# ###???????????????????????????? | | ???????????# #???# #???????????????????????????? | | ???????????# #???### #???????????????????????????? | | ???????????# #?????# #???????????????????????????? | | ???????????# #?????# #???????????????????????????? | | ???????????# #?????# ##??????????????????????????? | | ???????????# #?????# #??????????????????????????? | | ???????????# #????# #?????????????????????????? | | ???????????# #???# #????????????????????????? | +----------------------------------------------------+ Best States ------------- Heat Dissipation 25 Energy Generation 10 Energy Capacity 250 Matter Stores 300 Matter Capacity 300 Sight Range 16 Terrain Scan Density 10 Additional Mass Support 6 Evasion (%) 55 Item Schematics ----------------- None Robot Schematics ------------------ None Fabricated ------------ Nothing Alien Tech Used ----------------- None Achievements -------------- None Challenges ------------ None Game ------ Seed PhysicsRemoteRefractor Manual? 0 Play Time 00:18:31 Cumulative 61.3 hours Start 2022.05.13 @ 17:05:51 End 2022.05.13 @ 17:19:58 Sessions 1 Manual Loads 0 Difficulty Rogue Special Mode None Game No. 82 Rogue 78 Adventurer 0 Explorer 4 Win Type - Total 0 Types 0/0/0/0/0/0/0/0/0 Lore% 18 Gallery% 35 Achievement% 28 Wizard Run 0 Options --------- ASCII 0 Keyboard 1 Movement Arrows Keybinds 0 Fullscreen 1 Font 24/Smallcaps Map View 113x50 Tactical HUD 1 Map Filters NONE Filters NONE Steam 1 RUN: 3c7860b9-4373-4a27-85ce-aeac21399204